 Dungeon Sprint DCSS version 0.30-a0-715-gdb4ae3ece1 (webtiles) character file.

Game seed: 1210680758705757754

138 rocky1 the Thaumaturge (level 8, 0/48 HPs)
             Began as a Deep Elf Earth Elementalist on Jan 24, 2023.
             Was a High Priest of Vehumet.
             Slain by a bog body (17 damage)
             ... in the Dungeon (Sprint VI: "Thunderdome").
             The game lasted 00:06:02 (652 turns).

rocky1 the Thaumaturge (Deep Elf Earth Elementalist) Turns: 652, Time: 00:06:03

Health: 0/48       AC:  4    Str:  5    XL:     8   Next: 93%
Magic:  8/28       EV: 14    Int: 23    God:    Vehumet [*****.]
Gold:   106        SH:  0    Dex: 15    Spells: 13/35 levels left

rFire   . . .      SeeInvis .    (no weapon)
rCold   . . .      Faith    .    (no shield)
rNeg    . . .      Spirit   .    l - +0 troll leather armour {Pargi}
rPois   .          Reflect  .    (no helmet)
rElec   .          Harm     .    (no cloak)
rCorr   .          Rampage  .    (no gloves)
Will    .....      NoTele   +    (no boots)
Stlth   +++                      (no amulet)
HPRegen 1.08/turn                (no ring)
MPRegen 0.21/turn                (no ring)

@: slowed, very slow
A: no striking features
a: Renounce Religion


You were in the Dungeon.
You worshipped Vehumet.
Vehumet was extremely pleased with you.
You visited 1 branch You collected 400 gold pieces.
You spent 294 gold pieces at shops.

Inventory:

Armour
 a - a +0 robe
 l - a +0 troll leather armour (worn) {Pargi}
Wands
 i - a wand of quicksilver (5)
 j - a wand of iceblast (4)
Scrolls
 g - 4 scrolls of blinking
 k - 3 scrolls of fog
Potions
 b - 3 potions of magic
 c - 2 potions of curing
 d - 4 potions of heal wounds
 e - 4 potions of haste
 f - a potion of berserk rage
 h - a potion of resistance


   Skills:
 - Level 3.6 Fighting
 - Level 2.9 Armour
 - Level 7.9 Dodging
 - Level 5.2 Stealth
 + Level 14.2 Spellcasting
 + Level 6.3 Conjurations
 + Level 2.1 Transmutations
 + Level 2.9 Fire Magic
 + Level 13.7 Earth Magic
 + Level 1.3 Evocations


You had 13 spell levels left.
You knew the following spells:

 Your Spells              Type           Power      Damage    Failure   Level
a - Sandblast             Erth           100%       2d20      0%          1
b - Stone Arrow           Conj/Erth      100%       3d13      1%          3
c - Inner Flame           Hex/Fire       23%        N/A       2%          3
d - Iskenderun's Mystic   Conj/Tloc      31%        2d8       4%          4
e - Iron Shot             Conj/Erth      29%        9d6       4%          6
f - Lee's Rapid Deconstr  Erth           34%        3d17*     1%          5

Your spell library contained the following spells:

 Spells                   Type           Power      Damage    Failure   Level
 Passwall                 Tmut/Erth      43%        N/A       1%          2
 Petrify                  Tmut/Erth      52%        N/A       2%          4
 Iskenderun's Battlesphe  Conj           45%        2d10      3%          5
 Spellforged Servitor     Conj/Summ      15%        N/A       95%         7


Dungeon Overview and Level Annotations

Branches:
Dungeon (1/1)

Altars:
Cheibriados
Dithmenos
Fedhas
Gozag
Kikubaaqudgha
Makhleb
Okawaru
Qazlal
Ru
Sif Muna
Trog
Uskayaw
Vehumet
Wu Jian
Xom
Yredelemnul
Zin
The Shining One
Lugonu

Shops:
D *[??*?*:[((!!!!


Message History

A bog body comes into view.
Aiming: Stone Arrow (safe; 1% risk of failure)
Press: ? - help, Q - select action, (/) - cycle Shift-Dir - straight line, f - you
Okay, then.
Aiming: Stone Arrow (safe; 1% risk of failure)
Press: ? - help, Q - select action, (/) - cycle Shift-Dir - straight line, f - swamp drake
Aim: a swamp drake (wandering, hasn't noticed you, 75% to hit)
The stone arrow hits the swamp drake!!
The swamp drake is severely wounded.
The swamp drake roars! 50...
The bog body casts a spell at you.
You feel yourself slow down.
Aiming: Stone Arrow (safe; 1% risk of failure)
Press: ? - help, Q - select action, (/) - cycle Shift-Dir - straight line, f/p - swamp drake
Aim: a swamp drake (severely wounded, 75% to hit)
The stone arrow hits the swamp drake!
You kill the swamp drake!
Vehumet accepts your kill.
You feel your power returning.
Aiming: Stone Arrow (safe; 1% risk of failure)
Press: ? - help, Q - select action, (/) - cycle Shift-Dir - straight line, f - bog body
Aim: a bog body (81% to hit)
The stone arrow misses the bog body.
A tyrant leech comes into view.
Aiming: Stone Arrow (safe; 1% risk of failure)
Press: ? - help, Q - select action, (/) - cycle Shift-Dir - straight line, f/p - bog body
Aim: a bog body (81% to hit)
The stone arrow hits the bog body!
The bog body is heavily damaged.
The bog body touches you. The bog body freezes you!!
Ouch! That really hurt!
The bog body closely misses you.
Aiming: Stone Arrow (safe; 1% risk of failure)
Press: ? - help, Q - select action, (/) - cycle Shift-Dir - straight line, f/p - bog body
Aim: a bog body (moderately damaged, 81% to hit)
The stone arrow hits the bog body!
The bog body is severely damaged.
The bog body touches you!
You die...

#∩.......∩# #_........#
#_......._# #_......._#
###.........###
#⌠...........⌠#
######.8.........8.######
##..__...n..###......___∩#
###∩.....†.@8.# #.8).......∩
##.............###...........
#⌠..........###...###........
#⌠......÷..w# #.<.# #........
#⌠.......†..###...###........
##.....÷[......###...........
###∩......÷.8.# #.8........∩
##∩___......###......_._∩#
######.8.........8.######


You could see a tyrant leech and a bog body.

Vanquished Creatures
  A bog body (D)
  A will-o-the-wisp (D)
  Sigmund (D)
  A vampire mosquito (D)
  4 floating eyes (D)
  Pargi (D)
  A swamp drake (D)
  An ogre (D)
  A bullfrog (D)
  A jelly (D)
  A river rat (D)
  2 endoplasms (D)
  A hobgoblin (D)
  2 quokkas (D)
  3 rats (D)
22 creatures vanquished.

Notes
Turn   | Place    | Note
-------+----------+-------------------------------------------
     0 | D        | rocky1 the Deep Elf Earth Elementalist began the quest for
                  | the Orb.
     0 | D        | Reached XP level 1. HP: 10/10 MP: 6/6
     3 | D        | Found an ornate altar of the Wu Jian Council.
     3 | D        | Found a hide-covered altar of Uskayaw.
     4 | D        | Found an ancient bone altar of Kikubaaqudgha.
     4 | D        | Found an opulent altar of Gozag.
     5 | D        | Found a radiant altar of Vehumet.
     5 | D        | Found a corrupted altar of Lugonu.
     5 | D        | Round 1.
     6 | D        | Found Maup's Distillery.
     6 | D        | Found a shimmering blue altar of Sif Muna.
     6 | D        | Found Hadenenu's Do-It-Yourself Clinic.
     7 | D        | Found Secu Feg's Distillery.
     7 | D        | Found Rocwu's Bottled Wisdom.
    15 | D        | Became a worshipper of Vehumet
    25 | D        | Found Ucath's Staff Store.
    26 | D        | Found Fametue's Must-Have Magic.
    26 | D        | Found Pobyomm's Magic Scroll Shop.
    27 | D        | Found a shadowy altar of Dithmenos.
    27 | D        | Found a glowing golden altar of the Shining One.
    27 | D        | Found a glowing silver altar of Zin.
    27 | D        | Found Nusk's Magic Scroll Shop.
    31 | D        | Found a snail-covered altar of Cheibriados.
    32 | D        | Found a sacrificial altar of Ru.
    36 | D        | Found a bloodstained altar of Trog.
    36 | D        | Found an iron altar of Okawaru.
    36 | D        | Found a burning altar of Makhleb.
    36 | D        | Found Xuzypat's Identification Station.
    38 | D        | Found Ceasisir's Jewellery.
    38 | D        | Found Wavashy's Advanced Armour.
    43 | D        | Found a basalt altar of Yredelemnul.
    44 | D        | Found a stormy altar of Qazlal.
    46 | D        | Found Qeomupp's Premium Goods.
    48 | D        | Found a blossoming altar of Fedhas.
    48 | D        | Found a shimmering altar of Xom.
    48 | D        | Found Cagu's Weapon Rack.
    50 | D        | Found Fuini's Miscellaneous Merchandise.
    50 | D        | Found Ublaijuc's Basic Armour.
    65 | D        | Noticed an ogre
    79 | D        | Killed an ogre
    80 | D        | Reached skill level 5 in Spellcasting
    80 | D        | Reached XP level 2. HP: 15/15 MP: 3/10
    80 | D        | Reached XP level 3. HP: 19/19 MP: 3/12
    80 | D        | Reached XP level 4. HP: 24/24 MP: 3/13
    91 | D        | Reached * piety under Vehumet
    91 | D        | Offered knowledge of Freeze by Vehumet.
   127 | D        | Noticed Sigmund
   131 | D        | Killed Sigmund
   131 | D        | Arena points: 12 (+12) [x2]
   132 | D        | Reached skill level 5 in Dodging
   132 | D        | Reached skill level 5 in Stealth
   132 | D        | Reached skill level 8 in Spellcasting
   132 | D        | Reached skill level 10 in Earth Magic
   132 | D        | Reached XP level 5. HP: 28/28 MP: 9/17
   155 | D        | Learned a level 3 spell: Stone Arrow
   178 | D        | Round 2.
   207 | D        | Reached ** piety under Vehumet
   231 | D        | Offered knowledge of Shock by Vehumet.
   243 | D        | Noticed Pargi
   249 | D        | Killed Pargi
   250 | D        | Reached skill level 9 in Spellcasting
   250 | D        | Reached XP level 6. HP: 35/35 MP: 5/20
   292 | D        | Reached *** piety under Vehumet
   292 | D        | Arena points: 54 (+42) [x3]
   356 | D        | Round 3.
   414 | D        | Noticed a floating eye
   417 | D        | Killed a floating eye
   417 | D        | Offered knowledge of Inner Flame by Vehumet.
   418 | D        | Reached skill level 1 in Armour
   421 | D        | Noticed a floating eye
   422 | D        | Learned a level 3 spell: Inner Flame
   422 | D        | Noticed a floating eye
   430 | D        | Killed a floating eye
   430 | D        | Offered knowledge of Iskenderun's Mystic Blast by Vehumet.
   430 | D        | Reached **** piety under Vehumet
   430 | D        | Paralysed by a floating eye for 2 turns
   431 | D        | Reached skill level 1 in Fire Magic
   431 | D        | Reached XP level 7. HP: 41/41 MP: 22/22
   433 | D        | Reached skill level 10 in Spellcasting
   438 | D        | Learned a level 4 spell: Iskenderun's Mystic Blast
   457 | D        | Offered knowledge of Freezing Cloud by Vehumet.
   457 | D        | Arena points: 138 (+84) [x4]
   480 | D        | Bought a book of Power for 294 gold pieces
   487 | D        | Learned a level 6 spell: Iron Shot
   514 | D        | Round 4.
   556 | D        | Noticed a bog body
   560 | D        | Killed a bog body
   560 | D        | Reached ***** piety under Vehumet
   561 | D        | Reached skill level 12 in Spellcasting
   561 | D        | Reached skill level 5 in Conjurations
   561 | D        | Reached XP level 8. HP: 25/48 MP: 20/26
   580 | D        | Noticed a will-o-the-wisp
   585 | D        | Killed a will-o-the-wisp
   586 | D        | Reached skill level 13 in Spellcasting
   586 | D        | Reached skill level 1 in Evocations
   638 | D        | Offered knowledge of Lee's Rapid Deconstruction by Vehumet.
   639 | D        | Reached skill level 14 in Spellcasting
   645 | D        | Learned a level 5 spell: Lee's Rapid Deconstruction
   645 | D        | Noticed a bog body
   650 | D        | Noticed a tyrant leech
   652 | D        | Slain by a bog body

Illustrated notes

Levels and vault maps discovered:
D:        arena_sprint

Skill      XL: |  1  2  3  4  5  6  7  8 |
---------------+-------------------------+-----
Dodging        | 4 5 6 7 |  7.9
Stealth        | 4 5 |  5.2
Spellcasting   | 5 8 9 12 14 | 14.2
Earth Magic    | 7 10 11 12 13 | 13.7
Transmutations | 2 |  2.1
Fighting       | 2 3 |  3.6
Conjurations   | 2 4 5 6 |  6.3
Armour         | 2 |  2.9
Fire Magic     | 1 2 |  2.9
Evocations     | 1 |  1.3

Action                     |  1- 3 |  4- 6 |  7- 9 || total
---------------------------+-------+-------+-------++-------
   Cast: Sandblast         |     5 |    15 |     4 ||    24
         Stone Arrow       |       |     3 |    12 ||    15
  Evoke: Wand              |       |     1 |       ||     1
  Dodge: Dodged            |     1 |       |     2 ||     3

Table legend: (Time is in decaauts)
 A = Elapsed time spent in this place.
 B = Non-inter-level travel time spent in this place.
 C = Inter-level travel time spent in this place.
 D = Time resting spent in this place.
 E = Time spent auto-exploring this place.
 F = Levels seen in this place.
 G = Mean time per level.
                   A        B        C        D        E       F      G
               +--------+--------+--------+--------+--------+-----+--------+
         Total |    666 |    666 |      0 |    102 |      0 |   1 |  666.0 |
       Dungeon |    666 |    666 |      0 |    102 |      0 |   1 |  666.0 |
               +--------+--------+--------+--------+--------+-----+--------+

Top non-repeatable levels by time:
       D: 666 daAuts
